 Dungeon Crawl Stone Soup version 0.18.1-48-g4cf74bf (webtiles) character file.

343 Maffolandro the Conjurer (level 6, -1/24 HPs)
             Began as a Felid Wizard on July 26, 2016.
             Slain by Edmund
             ... wielding a +1 flail of draining
              (13 damage)
             ... on level 4 of the Dungeon.
             The game lasted 00:19:02 (4896 turns).

Maffolandro the Conjurer (Felid Wizard)             Turns: 4896, Time: 00:19:03

Health: -1/24      AC:  2    Str:  5    XL:     6   Next: 31%
Magic:  7/11       EV: 17    Int: 20    God:
Gold:   55         SH:  0    Dex: 16    Spells: 5 memorised, 0 levels left
                                        Lives:  0   Deaths: 1

rFire  . . .     SeeInvis +     (weapon unavailable)
rCold  . . .     Gourm    .     (armour unavailable)
rNeg   . . .     Faith    .     (shield unavailable)
rPois  .         Spirit   .     (helmet unavailable)
rElec  .         Dismiss  +     (cloak unavailable)
rCorr  .         Reflect  .     (gloves unavailable)
SustAt .         Harm     .     (boots unavailable)
MR     .....                    f - amulet of dismissal
Stlth  +++.......               (no ring)
                                (no ring)

@: repel missiles, drained, quick, not resistant to hostile enchantments, fairly
stealthy
A: no armour, no weapons or thrown items, claws 1, fangs 3, see invisible,
carnivore 3, speed 1, shaggy fur 2, slow metabolism 1, strong 1, sharp paws
a: no special abilities


You were on level 4 of the Dungeon.
You were completely stuffed.

You visited 1 branch of the dungeon, and saw 4 of its levels.

You collected 163 gold pieces.
You spent 108 gold pieces at shops.

Inventory:

Hand Weapons
 p - a +0 blowgun
Missiles
 h - 20 poisoned needles
Jewellery
 f - an amulet of dismissal (around neck)
Wands
 l - a wand of confusion (21/48)
 v - a wand of polymorph (8/24)
Scrolls
 d - 4 scrolls of teleportation
 g - a scroll of magic mapping {unknown}
 i - a scroll of fear
 j - 2 scrolls of remove curse
 k - a scroll of recharging
 q - a scroll of immolation
 s - a scroll of blinking
 t - a scroll of fog
Potions
 e - 2 potions of agility
 m - 2 potions of flight {unknown}
 n - 2 potions of brilliance {unknown}
 o - a potion of haste
 r - a potion of lignification
 w - a potion of invisibility {unknown}
 x - a potion of heal wounds {unknown}
Books
 a - a book of Minor Magic

   Spells                             Type                      Level
   a - Magic Dart                     Conjuration                  1
   b - Blink                          Translocation                2
   c - Call Imp                       Summoning                    2
   d - Repel Missiles                 Charms/Air                   2
   e - Slow                           Hexes                        2
   f - Conjure Flame                  Conjuration/Fire             3
   g - Mephitic Cloud                 Conjuration/Poison/Air       3
Comestibles
 b - a meat ration
 c - a slice of pizza
 u - 2 chunks of flesh


   Skills:
 - Level 2.6(2.3) Dodging
 - Level 2.6(2.3) Stealth
 - Level 3.0(2.6) Spellcasting
 * Level 5.1(4.7) Conjurations
 - Level 1.0(0.6) Summonings
   Level 1.5(1.2) Translocations
 + Level 0.3(0.0) Fire Magic
 - Level 2.0(1.7) Air Magic
 - Level 2.0(1.6) Poison Magic


You couldn't memorise any spells.
You knew the following spells:

 Your Spells              Type           Power        Failure   Level  Hunger
a - Magic Dart            Conj           ###.         2%          1    None
b - Repel Missiles        Chrm/Air       #.....       17%         2    ##.....
c - Call Imp              Summ           #.......     21%         2    ##.....
d - Mephitic Cloud        Conj/Pois/Air  ##......     17%         3    ###....
e - Conjure Flame         Conj/Fire      ##......     17%         3    ###....


Dungeon Overview and Level Annotations

Branches:
Dungeon (4/15)
 Temple: D:4-7

Altars:
Ashenzari
Yredelemnul

Shops:
D:4 ?(

Annotations:
D:3 WoodenSoup's ghost, weakling TrBe
D:4 Edmund


Innate Abilities, Weirdness & Mutations

You cannot wear armour.
You are incapable of wielding weapons or throwing items.
You have sharp claws.
You have razor-sharp teeth.
You have supernaturally acute eyesight.
You are carnivorous and can eat meat at any time.
You cover ground quickly.
You are covered in thick fur (AC +2).
You have a slow metabolism.
Your sharp claws are effective at attacking unaware monsters.
Your muscles are strong. (Str +2)


Message History

Confirm with . or Enter, or press ? or * to list all spells.
Aiming: Conjure Flame
Press: ? - help, Dir - move target cursor The fire roars!
Edmund shouts!
Edmund is engulfed in roaring flames.
Edmund hits you with a flail of draining!
You feel drained.
Unknown command.
Casting: Conjure Flame
Confirm with . or Enter, or press ? or * to list all spells.
Aiming: Magic Dart
Press: ? - help, Shift-Dir - straight line, f - Edmund
Aim: Edmund, wielding a flail of draining and wearing a leather armour (flame, lightly wounded)
The magic dart hits Edmund.
Edmund is lightly wounded.
Edmund is engulfed in roaring flames.
Edmund hits you with a flail of draining!
Ouch! That really hurt!
You die...

#.....#........##..
####.##.........##.
###.##..........##
..#.##..[.........
#.#.##########....
#.#...............
#.#....#########.#
#.####.#....#
######.#
#....@@.....#
#......#
########....#
#.###### #....#
#.###### #....#
#.......
##.#.######.....
#.#.........###
#.########.....
#...# #...## #.#.#
#...#


You could see Edmund.

Vanquished Creatures
  Menkaure (D:4)
  A howler monkey (D:4)
  Natasha (D:4)
  An orc wizard (D:3)
  2 worker ants (D:4)
  8 adders
  3 oozes
  2 worms
  A dart slug (D:1)
  A giant gecko (D:1)
  7 orcs
  2 ball pythons
  10 bats
  2 giant cockroaches
  10 goblins
  3 hobgoblins
  6 jackals
  10 kobolds
  A giant newt (D:2)
  2 gnoll zombies (D:4)
  6 rats
80 creatures vanquished.

Vanquished Creatures (others)
  An orc (D:3)
1 creature vanquished.

Grand Total: 81 creatures vanquished

Notes
Turn   | Place    | Note
--------------------------------------------------------------
     0 | D:1      | Maffolandro the Felid Wizard began the quest for the Orb.
     0 | D:1      | Reached XP level 1. HP: 7/7 MP: 5/5
    31 | D:1      | Reached skill level 1 in Conjurations
   203 | D:1      | Reached XP level 2. HP: 11/11 MP: 2/7
   257 | D:1      | Learned a level 2 spell: Repel Missiles
   260 | D:1      | Learned a level 2 spell: Call Imp
   292 | D:1      | Reached skill level 2 in Conjurations
   635 | D:1      | Found a shattered altar of Ashenzari.
   800 | D:1      | Reached XP level 3. HP: 14/14 MP: 6/8
   805 | D:1      | Learned a level 3 spell: Mephitic Cloud
  1459 | D:2      | Reached skill level 3 in Conjurations
  1605 | D:2      | Reached skill level 1 in Poison Magic
  1605 | D:2      | Reached XP level 4. HP: 5/18 MP: 1/9
  1609 | D:2      | Gained mutation: Your muscles are strong. (Str +2) [potion of beneficial mutation]
  1620 | D:2      | Succumbed to an adder's poison
  1621 | D:2      | Reached XP level 3. HP: 0/14 MP: 3/8
  2030 | D:2      | Reached skill level 1 in Air Magic
  2568 | D:3      | Reached XP level 4. HP: 18/18 MP: 3/9
  2615 | D:3      | Noticed WoodenSoup's ghost (weakling TrBe)
  3268 | D:4      | Found Eczaoho Sida's Antique Weapon Shop.
  3290 | D:4      | Found Meumu's Magic Scroll Emporium.
  3298 | D:4      | Bought a scroll of remove curse for 36 gold pieces
  3298 | D:4      | Bought a scroll of identify for 24 gold pieces
  3298 | D:4      | Bought a scroll of identify for 24 gold pieces
  3298 | D:4      | Bought a scroll of fog for 24 gold pieces
  3360 | D:4      | Reached XP level 5. HP: 21/21 MP: 0/10
  3507 | D:4      | Noticed Menkaure
  3756 | D:4      | Reached skill level 4 in Conjurations
  4024 | D:4      | Found a basalt altar of Yredelemnul.
  4370 | D:4      | Noticed Edmund
  4483 | D:4      | Killed Menkaure
  4483 | D:4      | Gained mutation: You are covered in thick fur (AC +2). [Felid growth]
  4483 | D:4      | Reached XP level 6. HP: 24/24 MP: 0/11
  4573 | D:4      | Learned a level 3 spell: Conjure Flame
  4619 | D:4      | Reached skill level 5 in Conjurations
  4704 | D:4      | Noticed Natasha
  4721 | D:4      | Killed Natasha
  4896 | D:4      | Slain by Edmund

Skill      XL: |  1  2  3  4  5  6 |
---------------+-------------------+-----
Conjurations   | 1 2 3 4 5 |  5.1
Poison Magic   | 1 2 |  2.0
Air Magic      | 1 2 |  2.0
Dodging        | |  2.6
Stealth        | |  2.6
Spellcasting   | |  3.0
Summonings     | |  1.0
Translocations | |  1.5
Fire Magic     | |  0.3

Action                   |  1- 3 |  4- 6 || total
-------------------------+-------+-------++-------
Melee: Unarmed           |    16 |    32 ||    48
       Bite              |       |     4 ||     4
 Cast: Magic Dart        |   120 |    79 ||   199
       Repel Missiles    |     1 |       ||     1
       Mephitic Cloud    |       |     8 ||     8
       Call Imp          |       |     2 ||     2
       Conjure Flame     |       |     1 ||     1
Evoke: Wand              |       |     2 ||     2
  Use: Scroll            |       |     7 ||     7
       Potion            |       |     3 ||     3
 Stab: Sleeping          |     2 |     2 ||     4
       Confused          |       |     5 ||     5
  Eat: Chunk             |    15 |     6 ||    21
Armor: Skin              |     1 |     1 ||     2
Dodge: Dodged            |    31 |    25 ||    56
